 Dungeon Crawl Stone Soup version 0.32-a0-791-gfc315c9ecd (webtiles) character file.

Game seed: 6988793693504183896

2623 mcashin the Thaumaturge (level 9, -9/58 HPs)
             Began as a Djinni Fire Elementalist on Mar 21, 2024.
             Mangled by an orc warrior
             ... wielding a +0 dire flail
              (19 damage)
             ... on level 7 of the Dungeon.
             The game lasted 00:37:37 (7046 turns).

mcashin the Thaumaturge (Djinni Fire Elementalist)  Turns: 7046, Time: 00:37:38

Health: -9/58      AC:  2    Str:  7    XL:     9   Next: 91%
Gold:   409        EV: 12    Int: 21    God:
                   SH:  0    Dex: 14

rFire   + + .        l - +2 short sword (drain)
rCold   x . .        (no shield)
rNeg    . . .        a - +0 robe
rPois   ∞            (no helmet)
rElec   .            (no cloak)
rCorr   .            (no gloves)
SInv    .            (boots unavailable)
Will    .....        (no amulet)
Stlth   ++           q - ring of ice
HPRegen 0.29/turn    j - ring of fire
MPRegen 0.00/turn

%: infuse magic (-10 HP)
@: flying
A: sickness immunity, fire resistance 2, cold vulnerability 1, float, innate
caster, HP casting, extra vitality 1
a: no special abilities


You were on level 7 of the Dungeon.
You visited 1 branch of the dungeon, and saw 7 of its levels.
You also visited: Bailey.

You collected 409 gold pieces.

Inventory:

Hand Weapons
 l - a +2 short sword of draining (weapon)
Missiles
 s - a throwing net
Armour
 a - a +0 robe (worn)
Jewellery
 j - a ring of fire (right hand)
 q - a ring of ice (left hand)
Wands
 e - a wand of flame (26)
 k - a wand of light (9)
Scrolls
 b - a scroll of butterflies
 m - a scroll of revelation
 n - 2 scrolls of enchant armour
 p - 2 scrolls of enchant weapon
 r - a scroll of teleportation
Potions
 c - 2 potions of heal wounds
 f - 3 potions of might
 h - 7 potions of haste
 o - a potion of curing
 t - 2 potions of cancellation {unknown}
 u - a potion of brilliance {unknown}
 v - 2 potions of magic {unknown}
 w - a potion of mutation {unknown}
 x - a potion of experience {unknown}
 z - 2 potions of invisibility {unknown}


   Skills:
 + Level 2.0 Fighting
 + Level 1.1 Short Blades
 + Level 4.6 Dodging
 + Level 3.8 Stealth
 + Level 0.3 Unarmed Combat
 * Level 9.3 Spellcasting
 * Level 9.3 Conjurations
 * Level 9.3 Hexes
 * Level 9.3 Summonings
 * Level 9.3 Necromancy
 * Level 9.3 Translocations
 * Level 9.3 Fire Magic
 * Level 9.3 Ice Magic
 * Level 9.3 Air Magic
 * Level 9.3 Earth Magic
 * Level 9.3 Alchemy
 + Level 0.7 Evocations


You knew the following spells:

 Your Spells              Type           Power      Damage    Failure   Level
a - Foxfire               Conj/Fire      100%       2x1d9     1%          1
b - Scorch                Fire           100%       2d9       1%          2
c - Volatile Blastmotes   Fire/Tloc      100%       2d18      1%          3
d - Inner Flame           Hex/Fire       65%        N/A       1%          3
e - Flame Wave            Conj/Fire      65%        2d15      1%          4
f - Necrotise             Necr           100%       1d9       1%          1
g - Searing Ray           Conj           96%        2d7       1%          2
h - Frozen Ramparts       Ice            100%       1d16      1%          3
i - Stone Arrow           Conj/Erth      96%        3d13      1%          3
Your spell library was empty.

Dungeon Overview and Level Annotations

Branches:
Dungeon (7/15)             Temple (0/1) D:6          Bailey (visited)

Altars:
Cheibriados
Dithmenos
Elyvilon
Fedhas
Qazlal
Trog
Wu Jian
Xom
Zin

Shops:
D:5 (


Innate Abilities, Weirdness & Mutations

You are immune to sickness and miasma.
You are immune to poison.
Your flesh is very heat resistant. (rF++)
You are vulnerable to cold. (rC-)
You float through the air rather than walking.
You learn spells naturally, not from books.
Your magical power is your life essence.
You have superior vitality. (+4 MHP)


Message History

You kill the orc warrior!
Aiming: Stone Arrow (safe; 1% risk of failure)
Press: ? - help, Q - select action, (/) - cycle Shift-Dir - straight line, f - orc
Aim: an orc, wielding a +0 flail (76% to hit)
The stone arrow hits the orc!
You kill the orc!
* * * LOW HITPOINT WARNING * * *
An iguana comes into view.
An orc warrior comes into view. It is wielding a +0 dire flail.
The orc shouts!
Found a glowing bone amulet.
Aiming: Stone Arrow (safe; 1% risk of failure)
Press: ? - help, Q - select action, (/) - cycle Shift-Dir - straight line, f - orc priest
Aim: an orc priest, wielding a +0 short sword and wearing a +0 leather armour (76% to hit)
The stone arrow misses the orc priest.
The orc warrior shouts!
Aiming: Stone Arrow (safe; 1% risk of failure)
Press: ? - help, Q - select action, (/) - cycle Shift-Dir - straight line, f/p - orc priest
Aim: an orc priest, wielding a +0 short sword and wearing a +0 leather armour (76% to hit)
The stone arrow hits the orc priest!!
You kill the orc priest!
Aiming: Stone Arrow (safe; 1% risk of failure)
Press: ? - help, Q - select action, (/) - cycle Shift-Dir - straight line, f - orc
Aim: an orc, wielding a +1 short sword of draining (76% to hit)
The stone arrow hits the orc!!
You kill the orc!
* * * LOW HITPOINT WARNING * * *
Aiming: Stone Arrow (safe; 1% risk of failure)
Press: ? - help, Q - select action, (/) - cycle Shift-Dir - straight line, f - orc warrior
Aim: an orc warrior, wielding a +0 dire flail and wearing a +0 chain mail (73% to hit)
The stone arrow misses the orc warrior.
* * * LOW HITPOINT WARNING * * *
Aiming: Stone Arrow (safe; 1% risk of failure)
Press: ? - help, Q - select action, (/) - cycle Shift-Dir - straight line, f/p - orc warrior
Aim: an orc warrior, wielding a +0 dire flail and wearing a +0 chain mail (73% to hit)
The stone arrow hits the orc warrior!
The orc warrior is heavily wounded.
* * * LOW HITPOINT WARNING * * *
The orc warrior hits you with a +0 dire flail!!
You die...

###..####***#.#****,#####....#
#....# #.# *,#......... #.##.#
###.### *.#.###...#.
#.##.######§...☼###.#.# ##...#
####.##......#.....#...#.#
#...#
........####...._....#*#.#
##..# .....####
###.....#.###.# #### ######
#○...○#.....# ###@###.#####
****** *#..o##$## *,,,,*
*#.).)?#.* *,****
*****#>.......* *,*
*,,,."........********,*
*,*###.........,,,,,,,,* *,*
##.....####******,* *******,*
##...## *,** ,,,,,<,,* **,**
*,,***


You could see an orc warrior.

Vanquished Creatures
  Grinder (D:4)
  Edmund (D:5)
  2 ice beasts
  2 orc warriors
  4 phantoms (D:6)
  Blork the orc (D:5)
  A bullfrog (D:6)
  3 scorpions
  2 vampire bats (D:6)
  2 howler monkeys (D:6)
  5 bombardier beetles
  3 orc priests
  2 gnoll boudas (D:6)
  A hound (D:5)
  Natasha (thrice) (D:4)
  2 iguanas
  3 sleepcaps
  2 orc wizards
  30 gnolls
  9 adders
  A white imp (D:4)
  2 ufetubi (D:6)
  4 dart slugs
  42 orcs
  3 ball pythons
  A bat skeleton (D:6)
  5 bat zombies (D:6)
  10 endoplasms
  3 giant cockroaches
  10 goblins
  11 hobgoblins
  4 jackals
  3 quokkas
  8 bats
  2 frilled lizards (D:2)
  6 kobolds
  6 rats
200 creatures vanquished.

Vanquished Creatures (collateral kills)
  An adder (D:2)
  An orc (D:3)
  An endoplasm (D:1)
  3 rats
6 creatures vanquished.

Vanquished Creatures (others)
  257 foxfires
257 creatures vanquished.

Grand Total: 463 creatures vanquished

Notes
Turn   | Place    | Note
-------+----------+-------------------------------------------
     0 | D:1      | mcashin the Djinni Fire Elementalist began the quest for
                  | the Orb.
     0 | D:1      | mcashin set off with the following spells memorised:
                  | Foxfire, Scorch, Volatile Blastmotes, Inner Flame, Flame
                  | Wave.
     0 | D:1      | Reached XP level 1. HP: 15/15 MP: 0/0
    99 | D:1      | Reached XP level 2. HP: 9/21 MP: 0/0
   258 | D:1      | Reached XP level 3. HP: 20/25 MP: 0/0
   258 | D:1      | Learned a level 1 spell: Necrotise
   683 | D:2      | Reached XP level 4. HP: 20/31 MP: 0/0
  1032 | D:2      | Reached XP level 5. HP: 31/35 MP: 0/0
  1032 | D:2      | Learned a level 2 spell: Searing Ray
  1422 | D:3      | Found a shimmering altar of Xom.
  1820 | D:3      | Reached XP level 6. HP: 35/41 MP: 0/0
  1983 | D:3      | HP: 2/41 [orc priest/+0 club (2)]
  2749 | D:4      | Found a bloodstained altar of Trog.
  2789 | D:4      | Noticed Natasha
  2793 | D:4      | Killed Natasha
  2798 | D:4      | Reached skill level 5 in Spellcasting
  2798 | D:4      | Reached skill level 5 in Conjurations
  2798 | D:4      | Reached skill level 5 in Hexes
  2798 | D:4      | Reached skill level 5 in Summonings
  2798 | D:4      | Reached skill level 5 in Necromancy
  2798 | D:4      | Reached skill level 5 in Translocations
  2798 | D:4      | Reached skill level 5 in Fire Magic
  2798 | D:4      | Reached skill level 5 in Ice Magic
  2798 | D:4      | Reached skill level 5 in Air Magic
  2798 | D:4      | Reached skill level 5 in Earth Magic
  2798 | D:4      | Reached skill level 5 in Alchemy
  2798 | D:4      | Reached XP level 7. HP: 35/46 MP: 0/0
  2798 | D:4      | Learned a level 3 spell: Frozen Ramparts
  3030 | D:4      | Noticed Natasha
  3038 | D:4      | Killed Natasha
  3075 | D:4      | Noticed Natasha
  3083 | D:4      | Killed Natasha
  3474 | D:4      | Reached skill level 1 in Fighting
  3753 | D:4      | Noticed Grinder
  3762 | D:4      | Killed Grinder
  3976 | D:4      | Reached XP level 8. HP: 50/52 MP: 0/0
  4069 | D:5      | Entered Level 5 of the Dungeon
  4069 | D:5      | Found a white marble altar of Elyvilon.
  4089 | D:5      | Noticed Edmund
  4098 | D:5      | Killed Edmund
  4329 | D:5      | Found a blossoming altar of Fedhas.
  4344 | D:5      | Found Tijus's Weapon Shop.
  4718 | D:5      | Found an ornate altar of the Wu Jian Council.
  4765 | D:5      | Noticed Blork the orc
  4778 | D:5      | Killed Blork the orc
  4942 | D:6      | Reached XP level 9. HP: 53/58 MP: 0/0
  4942 | D:6      | Learned a level 3 spell: Stone Arrow
  4971 | D:6      | Found a glowing silver altar of Zin.
  5044 | D:6      | Found a staircase to the Ecumenical Temple.
  5153 | D:6      | Reached skill level 1 in Short Blades
  5754 | D:6      | Found a snail-covered altar of Cheibriados.
  6176 | D:7      | Found a shadowy altar of Dithmenos.
  6210 | D:7      | Found a stormy altar of Qazlal.
  6275 | D:7      | Found a flagged portal.
  6283 | Bailey   | Entered a bailey
  7046 | D:7      | Mangled by an orc warrior

Illustrated notes

Levels and vault maps discovered:
D:1:      dpeg_chamrin_arrival_tetris, layout_rooms, minmay_indecisive_spiral
D:2:      layout_rooms, minmay_nonomino_d4
D:3:      layout_loops_cross, amcnicky_altar_gilded, serial_aquarium,
          aquarium_bridge_square [aquarium_subvault_bridge,
          aquarium_subvault_wall, aquarium_subvault_balcony,
          aquarium_subvault_balcony], aquarium_bridge_straight
          [aquarium_subvault_bridge, aquarium_subvault_wall,
          aquarium_subvault_bridge, aquarium_subvault_wall],
          aquarium_window_corner, aquarium_window_1, aquarium_view_2b,
          aquarium_view_2c, aquarium_balcony_1b, aquarium_pool_2
D:4:      layout_basic, mainiacjoe_overflow_alcove_1, uniq_grinder, uniq_natasha
D:5:      layout_rooms, jmf_multi_god_temple, lemuel_coloured_pillars_altar,
          mainiacjoe_overflow_small_starburst, serial_shops,
          nicolae_shop_scrapyard, uniq_blork_the_orc, uniq_edmund
D:6:      layout_loops_ring, kennysheep_vampire_church, zin_academy,
          cheibriados_altar_1, minmay_temple_entry_enclosed_plants
D:7:      layout_loops_ring, grunt_qazlal_clouds, grunt_dithmenos_smoke,
          nicolae_ossuary_entry_catacombs, enter_bailey_4, nicolae_eternal_life,
          uniq_crazy_yiuf_cottage, uniq_joseph

Skill      XL: |  1  2  3  4  5  6  7  8  9 |
---------------+----------------------------+-----
Stealth        | 2 3 |  3.8
Dodging        | 3 4 |  4.6
Spellcasting   | 4 5 6 7 9 |  9.3
Conjurations   | 4 5 6 7 9 |  9.3
Hexes          | 4 5 6 7 9 |  9.3
Summonings     | 4 5 6 7 9 |  9.3
Necromancy     | 4 5 6 7 9 |  9.3
Translocations | 4 5 6 7 9 |  9.3
Fire Magic     | 4 5 6 7 9 |  9.3
Ice Magic      | 4 5 6 7 9 |  9.3
Air Magic      | 4 5 6 7 9 |  9.3
Earth Magic    | 4 5 6 7 9 |  9.3
Alchemy        | 4 5 6 7 9 |  9.3
Fighting       | 1 2 |  2.0
Short Blades   | 1 |  1.1
Unarmed Combat | |  0.3
Evocations     | |  0.7

Action                     |  1- 3 |  4- 6 |  7- 9 || total
---------------------------+-------+-------+-------++-------
  Melee: Unarmed           |       |     9 |       ||     9
         Punch             |       |     1 |       ||     1
         Short sword       |       |     7 |     7 ||    14
   Cast: Foxfire           |    17 |    59 |    80 ||   156
         Scorch            |     5 |    26 |    15 ||    46
         Necrotise         |    32 |    27 |    24 ||    83
         Searing Ray       |       |     6 |       ||     6
         Flame Wave        |       |       |    10 ||    10
         Inner Flame       |       |       |    35 ||    35
         Stone Arrow       |       |       |    53 ||    53
  Evoke: Wand              |       |       |     3 ||     3
    Use: Scroll            |       |       |    12 ||    12
         Potion            |       |       |     3 ||     3
 Armour: Robe              |     9 |    24 |    62 ||    95
  Dodge: Dodged            |     8 |    36 |    51 ||    95

Table legend: (Time is in decaauts)
 A = Elapsed time spent in this place.
 B = Non-inter-level travel time spent in this place.
 C = Inter-level travel time spent in this place.
 D = Time resting spent in this place.
 E = Time spent auto-exploring this place.
 F = Levels seen in this place.
 G = Mean time per level.
                   A        B        C        D        E       F      G
               +--------+--------+--------+--------+--------+-----+--------+
         Total |   7025 |   6773 |    252 |    455 |   5119 |   8 |  878.1 |
       Dungeon |   6344 |   6092 |    252 |    364 |   4631 |   7 |  906.3 |
        Bailey |    680 |    680 |      0 |     91 |    488 |   1 |  680.0 |
               +--------+--------+--------+--------+--------+-----+--------+

Top non-repeatable levels by time:
     D:6: 1247 daAuts
     D:4: 1229 daAuts
     D:3: 1182 daAuts
     D:2: 965 daAuts
     D:5: 849 daAuts
  Bailey: 680 daAuts
     D:1: 672 daAuts
     D:7: 197 daAuts
